 Dungeon Crawl Stone Soup version 0.30-b1-5-g8e6c1be481 (webtiles) character file.

Game seed: 18321393310186706048

164 safid the Chiller (level 5, -2/37 HPs)
             Began as a Merfolk Ice Elementalist on May 3, 2023.
             Slain by an iguana (4 damage)
             ... on level 4 of the Dungeon.
             The game lasted 00:05:20 (3048 turns).

safid the Chiller (Merfolk Ice Elementalist)        Turns: 3048, Time: 00:05:20

Health: -2/37      AC: 14    Str:  9    XL:     5   Next: 45%
Magic:  9/9        EV:  9    Int: 16    God:
Gold:   162        SH:  0    Dex: 14    Spells: 6/10 levels left

rFire   . . .        f - +0 arbalest
rCold   + . .        (shield currently unavailable)
rNeg    . . .        n - +7 Kryia's mail coat {PotionHeal*2 rC+}
rPois   .            (no helmet)
rElec   .            g - +0 cloak
rCorr   .            (no gloves)
SInv    +            (no boots)
Will    .....        (no amulet)
Stlth   +            j - ring of see invisible
HPRegen 0.26/turn    (no ring)
MPRegen 0.11/turn

%: no passive effects
@: no status effects
A: (nimble swimmer 2), mertail
a: no special abilities


You were on level 4 of the Dungeon.
You visited 1 branch of the dungeon, and saw 4 of its levels.

You collected 162 gold pieces.

Inventory:

Hand Weapons
 f - a +0 arbalest (weapon)
Armour
 d - a +2 robe of willpower
 g - a +0 cloak (worn)
 n - the +7 Kryia's mail coat (worn) {PotionHeal*2 rC+}
   (You found it on level 3 of the Dungeon)

   PotionHeal*2: Potions heal its wearer twice as much.
   rC:        It protects you from cold.
Jewellery
 j - a ring of see invisible (left hand)
Scrolls
 a - a scroll of fog {unknown}
 e - a scroll of blinking {unknown}
 k - a scroll of teleportation {unknown}
 m - a scroll of brand weapon {unknown}
 o - 3 scrolls of identify {unknown}
 p - a scroll of amnesia {unknown}
Potions
 b - a potion of magic
 c - 2 potions of heal wounds {unknown}
 h - a potion of curing {unknown}
 i - a potion of might {unknown}
 l - a potion of mutation {unknown}


   Skills:
 + Level 1.3 Fighting
 - Level 0.1 Polearms
 - Level 0.6 Ranged Weapons
 * Level 0.8 Armour
 - Level 3.1 Dodging
 - Level 2.8 Stealth
 + Level 3.0 Spellcasting
 * Level 5.5 Ice Magic


You had 6 spell levels left.
You knew the following spells:

 Your Spells              Type           Power      Damage    Failure   Level
a - Freeze                Ice            80%        1d9       16%         1
b - Frozen Ramparts       Ice            40%        1d7       43%         3

Your spell library contained the following spells:

 Spells                   Type           Power      Damage    Failure   Level
 Ozocubu's Armour         Ice            20%        N/A       43%         3
 Hailstorm                Conj/Ice       11%        3d5       83%         3
 Summon Ice Beast         Ice/Summ       11%        N/A       99%         4


Dungeon Overview and Level Annotations

Branches:
Dungeon (4/15)
 Temple: D:4-7

Altars:


Innate Abilities, Weirdness & Mutations

((You are very nimble when in or above water. (Stealth+, EV+, Speed+++)))
Your lower body shifts to a powerful aquatic tail in water.


Message History

The steam dragon bites you but does no damage.
The steam dragon claws you but does no damage.
Unknown command.
The steam dragon attacks as you move away!
The steam dragon completely misses you.
The steam dragon claws you but does no damage.
Fire: f) +0 arbalest
Press: ? - help, Q - select action, (/) - cycle Shift-Dir - straight line, f/p - steam dragon
Aim: a steam dragon (moderately wounded, 50% to hit)
You shoot a bolt.
The bolt barely misses the steam dragon.
The bolt closely misses the iguana.
The steam dragon bites you.
* * * LOW HITPOINT WARNING * * *
The steam dragon claws you but does no damage.
The iguana barely misses you.
The steam dragon bites you but does no damage.
The steam dragon claws you but does no damage.
Fire: f) +0 arbalest
Press: ? - help, Q - select action, (/) - cycle Shift-Dir - straight line, f/p - steam dragon
Aim: a steam dragon (moderately wounded, 50% to hit)
You shoot a bolt.
The bolt barely misses the steam dragon.
The iguana bites you.
* * * LOW HITPOINT WARNING * * *
The steam dragon closely misses you.
The steam dragon claws you but does no damage.
The steam dragon bites you but does no damage.
The steam dragon claws you but does no damage.
The iguana barely misses you.
Fire: f) +0 arbalest
Press: ? - help, Q - select action, (/) - cycle Shift-Dir - straight line, f/p - steam dragon
Aim: a steam dragon (moderately wounded, 50% to hit)
You shoot a bolt.
The bolt hits the steam dragon but does no damage.
The steam dragon is moderately wounded.
The iguana bites you but does no damage.
The steam dragon bites you but does no damage.
The steam dragon barely misses you. The iguana bites you.
You die...

)..# #.# ..# #.# #.#
#.. #l# #.# .# #.#
#.. ..########.# ....
........##.# ###
........##.#
.......@D..#
........l### #.
.........# ###### #.
.........####.##....#
#.
######+#.......#.##.#
#.
#...#######.##.####
###.)### #.##.....
##...# #.#..# ##
#...# #....#


You could see a steam dragon and an iguana.

Vanquished Creatures
  Blork the orc (D:4)
  2 adders
  2 worms
  2 dart slugs
  2 orcs
  4 bats
  6 endoplasms
  4 giant cockroaches (D:1)
  4 goblins
  6 hobgoblins
  6 jackals
  4 kobolds
  3 quokkas
  3 ball pythons
  5 frilled lizards
  6 rats
60 creatures vanquished.

Vanquished Creatures (others)
  An ufetubus (D:4)
1 creature vanquished.

Grand Total: 61 creatures vanquished

Notes
Turn   | Place    | Note
-------+----------+-------------------------------------------
     0 | D:1      | safid the Merfolk Ice Elementalist began the quest for the
                  | Orb.
     0 | D:1      | Reached XP level 1. HP: 13/13 MP: 3/3
   212 | D:1      | Reached XP level 2. HP: 19/19 MP: 0/5
   653 | D:1      | Reached XP level 3. HP: 11/24 MP: 0/6
   728 | D:1      | Reached skill level 5 in Ice Magic
  1251 | D:2      | Learned a level 3 spell: Frozen Ramparts
  1358 | D:2      | Found a faded altar of an unknown god.
  1555 | D:2      | You fall into a shaft and drop 1 floor!
  1591 | D:2      | Reached XP level 4. HP: 28/30 MP: 7/7
  2336 | D:3      | Found the +7 Kryia's mail coat {PotionHeal*2 rC+}
  2824 | D:4      | Noticed Blork the orc
  2831 | D:4      | Killed Blork the orc
  2832 | D:4      | Reached skill level 1 in Fighting
  2832 | D:4      | Reached XP level 5. HP: 30/37 MP: 1/9
  3030 | D:4      | Noticed a steam dragon
  3048 | D:4      | Slain by an iguana

Illustrated notes

Levels and vault maps discovered:
D:1:      amcnicky_arrival_single_pillar, layout_basic,
          chequers_serial_rivers_micro_c, hangedman_decor_growths
D:2:      layout_rooms, hellmonk_ecumenical_altar_leap_of_faith,
          dk_noncrumbling_2, chequers_serial_rivers_room_b
D:3:      layout_basic, skrybe_limestone_x, minivault_5
D:4:      layout_basic, uniq_blork_the_orc

Skill      XL: |  1  2  3  4  5 |
---------------+----------------+-----
Dodging        | 3 |  3.1
Ice Magic      | 5 |  5.5
Fighting       | 1 |  1.3
Spellcasting   | 3 |  3.0
Polearms       | |  0.1
Ranged Weapons | |  0.6
Armour         | |  0.8
Stealth        | |  2.8

Action                     |  1- 3 |  4- 6 || total
---------------------------+-------+-------++-------
  Melee: Club              |    14 |       ||    14
         Unarmed           |     1 |       ||     1
         Spear             |   108 |       ||   108
   Fire: Arbalest          |       |    59 ||    59
   Cast: Freeze            |    34 |     2 ||    36
   Stab: Sleeping          |    10 |       ||    10
 Armour: Robe              |    26 |     2 ||    28
         Scale mail        |       |    26 ||    26
  Dodge: Dodged            |    74 |    21 ||    95
